 Dungeon Crawl Stone Soup version 0.30-a0-168-g0b976cbdc4 (webtiles) character file.

Game seed: 11417036380181832075

587034 juncz the Pyromancer (level 25, -8/254 HPs)
             Began as a Demonspawn Ice Elementalist on Sept 24, 2022.
             Was an Initiate of Gozag.
             Mangled by a death cob (12 damage)
             ... on level 1 of the Realm of Zot on Sept 29, 2022.
             The game lasted 16:54:29 (148261 turns).

juncz the Pyromancer (DsIE)                       Turns: 148261, Time: 16:54:30

Health: -8/254     AC: 19    Str: 12    XL:     25   Next: 55%
Magic:  12/52      EV: 14    Int: 26    God:    Gozag
Gold:   5183       SH: 11    Dex: 16    Spells: 3/57 levels left

rFire   + + .      SeeInvis +    b - +9 sling "Luomn" {speed, +Blink}
rCold   + + .      Faith    .    q - +0 buckler {AC+3}
rNeg    + . .      Spirit   .    x - +2 robe {Will+}
rPois   .          Reflect  +    (helmet unavailable)
rElec   +          Harm     .    p - +2 cloak "Sukiereg" {rC++ SInv}
rCorr   .          Rampage  .    V - +2 pair of gloves of Melancholy {rElec}
Will    +++..      Rage     3%   f - +2 pair of boots
Stlth   +++.......               O - amulet of Rumaghuk {Reflect Dex+3 SH+5}
HPRegen 0.52/turn                a - ring "Had Titu" {rF+ MP+9 Slay+3 SInv Stlth+}
MPRegen 0.33/turn                v - ring "Qemeuf" {rF+ rN+ Will+}

@: gold aura, on blink cooldown, slightly contaminated, slowed, studying 2
skills, very slow
A: horns 3, foul stench 3, robust 2, spiny 3, sharp scales 3, berserk 1, wild
magic 1
}: 4/15 runes: decaying, slimy, silver, gossamer
a: Renounce Religion, Evoke Blink, Potion Petition, Call Merchant, Bribe Branch


You were on level 1 of the Realm of Zot.
You worshipped Gozag.
Gozag was greatly pleased with you.
You visited 11 branches of the dungeon, and saw 50 of its levels.
You visited the Abyss 1 time.
You also visited: Bailey.

You collected 30610 gold pieces.
You spent 8556 gold pieces at shops.
You paid 16871 gold pieces to Gozag.

Inventory:

Hand Weapons
 b - the +9 sling "Luomn" (weapon) {speed, +Blink}
   (You found it on level 2 of the Lair of Beasts)

   Attacks with this weapon are significantly faster.
   +Blink:    It lets you blink.
Armour
 f - a +2 pair of boots (worn)
 p - the +2 cloak "Sukiereg" (worn) {rC++ SInv}
   (You bought it in a shop on level 5 of the Vaults)

   rC:        It greatly protects you from cold.
   SInv:      It lets you see invisible.
 q - a +0 buckler of protection (worn)
 x - a +2 robe of willpower (worn)
 D - a scarf of resistance
 V - the +2 pair of gloves of Melancholy (worn) {rElec}
   (You acquired it on level 3 of the Lair of Beasts)

   rElec:     It insulates you from electricity.
Magical Staves
 K - a staff of cold
 Z - a staff of conjuration
Jewellery
 a - the ring "Had Titu" (left hand) {rF+ MP+9 Slay+3 SInv Stlth+}
   (You bought it in a shop on level 2 of the Orcish Mines)

   [ring of protection from fire]

   Slay:      It affects your accuracy & damage with ranged weapons and melee
   (+3).
   rF:        It protects you from fire.
   MP:        It affects your magic capacity (+9).
   SInv:      It lets you see invisible.
   Stlth:     It makes you more stealthy.
 m - a ring of protection from fire
 n - the amulet of the Four Winds {rN+ Will+++ Clar}
   (You found it on level 3 of the Depths)

   [amulet of nothing]

   rN:        It protects you from negative energy.
   Clar:      It protects you against confusion.
   Will:      It greatly increases your willpower.
 r - a ring of resist corrosion
 v - the ring "Qemeuf" (right hand) {rF+ rN+ Will+}
   (You bought it in a shop on level 9 of the Dungeon)

   [ring of positive energy]

   rF:        It protects you from fire.
   rN:        It protects you from negative energy.
   Will:      It increases your willpower.
 F - a ring of poison resistance
 G - a ring of wizardry
 L - the ring "Oseodwao" {rF- rC+ rN+ Will+}
   (You took it off a deep elf knight on level 3 of the Elven Halls)

   [ring of willpower]

   rF:        It makes you vulnerable to fire.
   rC:        It protects you from cold.
   rN:        It protects you from negative energy.
   Will:      It increases your willpower.
 O - the amulet of Rumaghuk (around neck) {Reflect Dex+3 SH+5}
   (You found it on level 3 of the Depths)

   [amulet of reflection]

   It reflects blocked missile attacks.
   Dex:       It affects your dexterity (+3).
   SH:        It affects your SH (+5).
 Q - a +6 ring of intelligence
 S - a ring of ice
 X - a +6 ring of intelligence
Wands
 e - a wand of mindburst (11)
 g - a wand of flame (66)
 k - a wand of digging (4)
 t - a wand of paralysis (24)
 N - a wand of roots (29)
 R - a wand of acid (4)
 T - a wand of polymorph (18)
Scrolls
 c - 6 scrolls of torment
 l - 16 scrolls of teleportation
 o - 3 scrolls of summoning
 s - 6 scrolls of immolation
 w - 6 scrolls of fear
 z - a scroll of magic mapping
 A - 6 scrolls of butterflies
 C - 2 scrolls of vulnerability
Potions
 d - 33 potions of curing
 i - 8 potions of attraction
 j - 4 potions of haste
 u - 3 potions of resistance
 B - 12 potions of heal wounds
 E - 6 potions of lignification
 H - 8 potions of ambrosia
 I - 11 potions of flight
 J - 2 potions of brilliance
 M - a potion of magic
 U - 5 potions of cancellation
 W - 13 potions of might
Miscellaneous
 h - a lightning rod (4/4)
 y - a box of beasts
 P - a tin of tremorstones (2/2)
 Y - a phantom mirror


   Skills:
 - Level 20.6 Fighting
 - Level 2.0 Short Blades
 - Level 6.0 Ranged Weapons
 - Level 6.0 Dodging
 - Level 3.0 Stealth
 - Level 6.0 Shields
 - Level 16.7 Spellcasting
 - Level 17.0 Conjurations
 - Level 7.0 Necromancy
 - Level 2.0 Translocations
 - Level 6.0 Transmutations
 - Level 21.6 Fire Magic
 + Level 17.8 Ice Magic
 - Level 8.0 Air Magic
 - Level 7.0 Earth Magic
 - Level 6.0 Poison Magic
 - Level 4.0 Evocations


You had 3 spell levels left.
You knew the following spells:

 Your Spells              Type           Power      Damage    Failure   Level
a - Orb of Destruction    Conj           48%        9d13      4%          7
b - Frozen Ramparts       Ice            100%       1d16      1%          3
c - Ozocubu's Armour      Ice            99%        N/A       1%          3
d - Olgreb's Toxic Radia  Pois           62%        N/A       4%          4
e - Blink                 Tloc           82%        N/A       3%          2
f - Irradiate             Conj/Tmut      41%        3d25      1%          5
g - Airstrike             Air            35%        2d(5-21)  2%          4
h - Ignite Poison         Fire/Tmut/Pois 81%        N/A       1%          3
i - Freezing Cloud        Conj/Ice/Air   45%        6-21      1%          5
k - Borgnjor's Vile Clut  Necr/Erth      33%        N/A       8%          5
l - Iskenderun's Mystic   Conj/Tloc      75%        2d15      1%          4
m - Starburst             Conj/Fire      51%        6d14      1%          6
z - Swiftness             Air            70%        N/A       1%          3

Your spell library contained the following spells:

 Spells                   Type           Power      Damage    Failure   Level
 Beastly Appendage        Tmut           100%       N/A       1%          1
 Foxfire                  Conj/Fire      100%       2x1d9     1%          1
 Freeze                   Ice            100%       1d11      1%          1
 Magic Dart               Conj           100%       1d8       1%          1
 Shock                    Conj/Air       100%       1d9       1%          1
 Sting                    Tmut/Pois      100%       1d8       1%          1
 Ensorcelled Hibernation  Hex/Ice        100%       N/A       1%          2
 Passwall                 Tmut/Erth      53%        N/A       1%          2
 Poisonous Vapours        Pois/Air       100%       N/A       1%          2
 Static Discharge         Conj/Air       100%       2-7/arc   1%          2
 Sublimation of Blood     Necr           66%        N/A       1%          2
 Dazzling Flash           Conj/Hex       100%       N/A       1%          3
 Hailstorm                Conj/Ice       98%        3d19      1%          3
 Inner Flame              Hex/Fire       79%        N/A       1%          3
 Kindle Blastsparks       Fire/Tloc/Air  100%       2d18      1%          3
 Mephitic Cloud           Conj/Pois/Air  78%        N/A       1%          3
 Spider Form              Tmut/Pois      62%        N/A       1%          3
 Stone Arrow              Conj/Erth      100%       3d13      1%          3
 Vampiric Draining        Necr           66%        2d10      1%          3
 Apportation              Tloc           82%        N/A       2%          1
 Slow                     Hex            100%       N/A       5%          1
 Gell's Gravitas          Tloc           41%        N/A       6%          3
 Lesser Beckoning         Tloc           41%        N/A       6%          3
 Teleport Other           Tloc           41%        N/A       6%          3
 Call Imp                 Summ           28%        N/A       7%          2
 Portal Projectile        Hex/Tloc       70%        N/A       10%         3
 Call Canine Familiar     Summ           28%        N/A       13%         3
 Summon Guardian Golem    Hex/Summ       28%        N/A       13%         3
 Flame Wave               Conj/Fire      100%       2d21      1%          4
 Ice Form                 Ice/Tmut       83%        N/A       1%          4
 Sticky Flame             Conj/Fire      100%       2d11      1%          4
 Summon Ice Beast         Ice/Summ       73%        N/A       1%          4
 Arcjolt                  Conj/Air       42%        1d52      1%          5
 Fireball                 Conj/Fire      51%        3d20      1%          5
 Lightning Bolt           Conj/Air       42%        1d62      1%          5
 Dispel Undead            Necr           66%        3d23      3%          4
 Petrify                  Tmut/Erth      64%        N/A       3%          4
 Ozocubu's Refrigeration  Ice            49%        4d18      3%          7
 Ignition                 Fire           54%        3d15      4%          8
 Summon Lightning Spire   Summ/Air       53%        N/A       9%          4
 Anguish                  Hex/Necr       25%        N/A       11%         4
 Leda's Liquefaction      Hex/Erth       25%        N/A       11%         4
 Alistair's Intoxication  Tmut/Pois      41%        N/A       11%         5
 Blade Hands              Tmut           31%        N/A       11%         5
 Manifold Assault         Tloc           41%        N/A       19%         4
 Passage of Golubria      Tloc           41%        N/A       19%         4
 Silence                  Hex/Air        26%        N/A       22%         5
 Cause Fear               Hex            14%        N/A       36%         4
 Statue Form              Tmut/Erth      42%        N/A       38%         6
 Eringya's Noxious Bog    Tmut/Pois      31%        N/A       45%         6
 Summon Forest            Summ/Tloc      17%        N/A       56%         5
 Spellforged Servitor     Conj/Summ      36%        N/A       67%         7
 Summon Mana Viper        Hex/Summ       28%        N/A       71%         5
 Storm Form               Tmut/Air       33%        N/A       86%         7
 Lehudib's Crystal Spear  Conj/Erth      41%        10d10     86%         8
 Dispersal                Tloc           20%        N/A       93%         6
 Polar Vortex             Ice            49%        N/A       93%         9
 Dragon Form              Tmut           31%        N/A       95%         7
 Summon Cactus Giant      Summ           14%        N/A       99%         6
 Enfeeble                 Hex            14%        N/A       100%        7
 Haunt                    Necr/Summ      25%        N/A       100%        7
 Monstrous Menagerie      Summ           14%        N/A       100%        7
 Summon Hydra             Summ           14%        N/A       100%        7
 Borgnjor's Revivificati  Necr           33%        N/A       100%        8
 Disjunction              Tloc           20%        N/A       100%        8
 Infestation              Necr           33%        N/A       100%        8
 Maxwell's Capacitive Co  Air            35%        ∞         100%        8
 Necromutation            Tmut/Necr      32%        N/A       100%        8
 Death's Door             Necr           33%        N/A       100%        9
 Dragon's Call            Summ           14%        N/A       100%        9
 Shatter                  Erth           33%        3d27*     100%        9
 Animate Dead             Necr           Unusable   N/A       N/A         4
 Simulacrum               Ice/Necr       Unusable   N/A       N/A         6

Dungeon Overview and Level Annotations

Branches:
Dungeon (15/15)            Temple (1/1) D:4            Lair (5/5) D:9
  Swamp (4/4) Lair:2       Spider (4/4) Lair:2        Slime (5/5) Lair:5
    Orc (2/2) D:12            Elf (3/3) Orc:2        Vaults (5/5) D:13 Zot: 966
  Crypt (0/3) Vaults:2     Depths (4/4) D:15 Zot: 899     Zot (2/5) Depths:4
 Bailey (visited)

Altars:
Ashenzari
Cheibriados
Dithmenos
Fedhas
Gozag
Hepliaklqana
Kikubaaqudgha
Makhleb
Nemelex Xobeh
Okawaru
Qazlal
Ru
Sif Muna
Trog
Uskayaw
Vehumet
Wu Jian
Xom
Yredelemnul
Jiyva

Shops:
D:2 [   D:9 =   D:10 (   D:14 :   D:15 *   Orc:1 :[   Orc:2 *===   Elf:1 ?
Elf:2 :   Lair:1 ?   Lair:3 *   Spider:1 !   Spider:4 :   Vaults:3 =
Vaults:4 [   Vaults:5 ?*   Depths:2 ?

Portals:
Hell: Depths:1 Depths:2 Depths:3 Depths:4
Abyss: Depths:2 Depths:3
Pandemonium: Depths:2
Ziggurat: Depths:1
Trove: Depths:2 (give +2 shadow dragon scales)

Annotations:
D:2 !sigmund, Sigmund
Slime:4 1 exclusion, Dissolution
Slime:5 exclusion: upstairs
Elf:2 3 runed translucent doors
Depths:2 exclusions: royal mummy and 2 more exclusions
Zot:1 exclusion: downstairs


Innate Abilities, Weirdness & Mutations

You have a pair of large horns on your head.
You frequently emit foul miasma when damaged in melee.
You are very robust. (+20% HP)
You are completely covered in sharp spines.
You are completely covered in razor-sharp scales. (AC +3, Slay +3)
You sometimes lose your temper in combat.
Your spells are a little harder to cast, but a little more powerful.


Message History

You feel as though you will be slow longer.
The death cob closely misses you. You block the death cob's attack.
The death cob hits you!!
* * * LOW HITPOINT WARNING * * *
The death cob drains your vigour!
You feel as though you will be slow longer.
The death cob gives a chilling moan.
The death cob is no longer distracted by gold.
The death cob hits you.
* * * LOW HITPOINT WARNING * * *
You emit a cloud of foul miasma!
The death cob is struck by your spines. The death cob barely misses you.
You block the death cob's attack.
The death cob is distracted by your dazzling golden aura.
The death cob completely misses you. You block the death cob's attack.
The death cob hits you but does no damage.
The death cob misses you. The death cob is struck by your spines.
The death cob hits you!!
* * * LOW HITPOINT WARNING * * *
The death cob drains your vigour!
You feel as though you will be slow longer.
The death cob hits you!
* * * LOW HITPOINT WARNING * * *
The death cob gives a chilling moan.
Your body shudders with the violent release of wild energies!
You feel a little pissed off.
You feel less contaminated with magical energies.
You climb upwards.
Level annotation: exclusion: downstairs
There is a stone staircase leading down here.
Okay, then.
Okay, then.
Casting: Irradiate (mildly dangerous; 1% risk of failure)
Confirm with . or Enter, or press ? or * to list all spells.
You blink.
The death cob is distracted by your dazzling golden aura.
The death cob is struck by your spines.
The death cob hits you but does no damage.
The death cob is struck by your spines. The death cob hits you!
You die...
Your body crumbles into a pile of gold.

..# #)$......# #..## ##.. #..#
#∩$.....# ##..# .. ..# ##$...$.#
#..## #. ..# #.$.$..###..# #? ..#
#......##...# #. .## .
###.....###..## # .# ..
#............# # .#
################## # .#
........@........# # ##
...$...$z..$...$.# #
.................# ## .....
.......§...>.....# #. (...
.......zz........# ##.
##################~~###### ##..
≈≈≈≈≈≈≈≈≈≈≈≈≈≈≈≈≈≈~~≈≈≈≈≈# ###...
≈≈≈≈≈≈≈≈##########~$#≈≈#≈# #....#
#######≈#...........#≈≈#§§§#....#


You could see 3 death cobs.

Vanquished Creatures
  the Royal Jelly (Slime:5)
  2 dread liches
  2 ancient liches (Vaults:5)
  Mara (Depths:3)
  A juggernaut (Depths:3)
  2 royal mummies (Depths:2)
  Bai Suzhen (Vaults:2)
  Xtahua (Vaults:4)
  11 golden dragons
  A bone dragon (Depths:2)
  Nikola (Swamp:3)
  An electric golem (Zot:1)
  A walking crystal tome (Depths:3)
  Jorgrun (Elf:2)
  9 tentacled monstrosities
  9 quicksilver dragons
  A lich (Vaults:5)
  5 titans (Vaults:5)
  2 deep elf blademasters (Elf:3)
  16 acid blobs
  Kirke (D:15)
  7 sphinxes
  Gastronok (D:11)
  Frances (D:12)
  6 storm dragons
  Agnes (D:15)
  5 death cobs
  8 draconian monks
  A thorn hunter (Swamp:3)
  8 tengu reavers
  12 azure jellies
  9 shadow dragons
  A draconian knight (Zot:1)
  Roxanne (D:14)
  9 rockslimes
  A fenstrider witch (Swamp:3)
  12 vault wardens
  3 emperor scorpions (Spider:4)
  5 deep elf sorcerers
  12 frost giants
  2 ghost moths
  12 fire giants
  2 iron dragons
  Louise (Swamp:1)
  4 deep elf elementalists (Elf:3)
  22 ironbound preservers
  3 orc warlords
  2 draconian stormcallers (Zot:1)
  3 draconian annihilators
  7 war gargoyles
  9 stone giants
  2 juggernaut skeletons (Depths:2)
  A spriggan defender (Depths:3)
  22 very ugly things
  7 ironbound thunderhulks
  2 apis (D:14)
  A green draconian (Depths:4)
  6 vampire knights
  17 quicksilver oozes
  7 deep elf demonologists
  14 deep elf annihilators
  A yellow draconian (Zot:1)
  2 eleionomae
  8 red draconians
  18 black draconians
  9 bunyips
  9 dire elephants
  4 spark wasps
  8 white draconians
  4 purple draconians
  2 mummy priests (Depths:2)
  A crystal guardian (Vaults:4)
  8 deep elf death magi
  6 fire dragons
  2 merfolk impalers (Depths:3)
  9 ettins
  17 yaktaur captains
  11 great orbs of eyes
  Josephine (Orc:1)
  A spriggan zombie (Depths:2)
  3 jiangshi (Depths:2)
  3 deep elf high priests
  2 peacekeepers
  3 entropy weavers
  Harold (D:11)
  2 hell beasts (Depths:4)
  10 ice dragons
  A quicksilver dragon skeleton (Depths:2)
  33 vault guards
  5 jorogumos
  2 radroaches
  2 spriggan air magi
  A rakshasa (Depths:2)
  Erolcha (Orc:1)
  A catoblepas (D:12)
  A spriggan skeleton (Depths:2)
  24 hydras
  12 centaur warriors
  5 ogre magi
  4 ghost crabs
  3 death knights
  4 ironbound frosthearts
  9 alligators
  9 boulder beetles
  26 two-headed ogres
  7 deep troll shamans
  8 tengu warriors
  18 dancing weapons
  8 deep troll earth magi
  2 spriggan berserkers (Depths:2)
  2 vampire magi
  8 orc high priests
  3 shock serpents (Zot:1)
  A titan zombie (Depths:2)
  18 deep elf knights
  A soul eater (Depths:4)
  A titan skeleton (Depths:2)
  5 sun moths
  2 sixfirhies (Zot:1)
  13 skeletal warriors
  A storm dragon zombie (Depths:2)
  5 steelbarb worms
  A death drake (Depths:4)
  12 orb spiders
  6 iron trolls
  7 pharaoh ants
  A golden dragon zombie (Depths:2)
  4 spriggan druids
  4 goliath frogs
  A storm dragon skeleton (Depths:2)
  2 bog bodies
  10 swamp dragons
  A flayed ghost (Depths:3)
  92 deep trolls
  2 glowing orange brains
  A tengu zombie (Depths:2)
  A golden dragon skeleton (Depths:2)
  9 lindwurms
  7 wizards
  19 deep elf archers
  15 ironbound convokers
  Pikel (D:8)
  27 deep elf zephyrmancers
  3 phantasmal warriors
  31 deep elf pyromancers
  A harpy (shapeshifter) (Elf:1)
  3 necromancers
  22 wolf spiders
  7 orc knights
  7 orc sorcerers
  8 shining eyes
  8 moths of wrath
  35 ugly things
  2 iron dragon zombies (Depths:2)
  2 tengu skeletons (Depths:2)
  3 will-o-the-wisps
  A sphinx skeleton (Depths:2)
  5 manticores
  4 cyclopes
  An iron dragon skeleton (Depths:2)
  2 salamanders
  17 elephants
  A centaur zombie (D:15)
  6 black mambas
  8 torpor snails
  19 vault sentinels
  A naga mage (D:15)
  A water nymph (shapeshifter) (Depths:3)
  A guardian serpent (shapeshifter) (Vaults:3)
  5 centaur skeletons
  2 eyes of devastation
  2 unseen horrors
  An efreet (D:13)
  20 cane toads
  34 yaktaurs
  11 demonic crawlers
  9 komodo dragons
  A komodo dragon (shapeshifter) (Vaults:5)
  4 tengu conjurers
  A rime drake (Lair:5)
  7 freezing wraiths
  4 meliai (Spider:4)
  3 bloated husks
  5 polar bears
  A queen bee (shapeshifter) (D:13)
  4 raiju (Zot:1)
  8 trolls
  11 hornets
  5 tyrant leeches
  32 tarantellas
  11 blink frogs (Lair:5)
  104 slime creatures
  6 dream sheep (Lair:4)
  A dream sheep (shapeshifter) (Elf:3)
  22 culicivoras
  29 jumping spiders
  3 air elementals
  3 vampires (Vaults:2)
  2 shadows
  A centaur simulacrum (D:15)
  19 water elementals
  5 wraiths
  A yak (shapeshifter) (Elf:2)
  12 spriggans
  3 wyverns
  A hog (shapeshifter) (Elf:1)
  5 basilisks
  43 yaks
  47 redbacks
  4 fire bats (Depths:2)
  3 fire elementals
  A human (D:15)
  2 steam dragons
  3 hogs (D:15)
  16 vampire mosquitoes
  A two-headed ogre zombie (Orc:1)
  15 swamp worms
  8 wargs
  5 acid dragons
  A glowing shapeshifter zombie (Depths:2)
  16 water moccasins
  A glowing shapeshifter skeleton (Depths:2)
  19 orc warriors
  5 black bears
  10 swamp drakes
  An ice beast (D:6)
  28 ogres
  9 boggarts (Vaults:2)
  15 wolves
  A phantom (D:4)
  3 centaurs
  2 kobold brigands
  3 necrophages
  18 bullfrogs
  4 scorpions
  A gnoll sergeant (D:12)
  6 earth elementals
  10 wights
  6 killer bees (D:10)
  An electric eel (Lair:5)
  3 howler monkeys
  A lava snake (D:9)
  5 hounds
  40 orc priests
  A gnoll bouda (D:7)
  A jelly (D:4)
  Crazy Yiuf (D:7)
  19 orc wizards
  3 iguanas
  4 lightning spires (Zot:1)
  5 hell rats (Lair:3)
  10 gnolls
  5 adders
  2 ufetubi
  A worm (D:3)
  113 orcs
  12 ball pythons
  3 bats
  8 endoplasms
  6 giant cockroaches
  9 hobgoblins
  5 quokkas
  4 frilled lizards
  10 goblins
  11 kobolds
  5 rats
  4 ball lightnings (Zot:1)
2129 creatures vanquished.

Vanquished Creatures (collateral kills)
  A bunyip (Swamp:4)
  2 hydras
  2 alligators (Swamp:4)
  A dancing weapon (Elf:1)
  A swamp dragon (Swamp:4)
  A tyrant leech (Swamp:4)
  A hornet (Swamp:1)
  A spriggan (Swamp:1)
  A swamp worm (Swamp:1)
11 creatures vanquished.

Vanquished Creatures (others)
  2 draconian shifters
  A red draconian (Depths:4)
  A sun moth (Spider:4)
  A hornet (Swamp:2)
  2 spriggans
  A water elemental (Elf:1)
  A ball lightning (Zot:1)
  4 foxfires
  38 fungi
  255 plants
306 creatures vanquished.

Grand Total: 2446 creatures vanquished

Notes
Turn   | Place    | Note
-------+----------+-------------------------------------------
     0 | D:1      | juncz the Demonspawn Ice Elementalist began the quest for
                  | the Orb.
     0 | D:1      | Reached XP level 1. HP: 13/13 MP: 3/3
   476 | D:1      | Gained mutation: You are partially covered in sharp spines.
                  | [demonic ancestry]
   476 | D:1      | Reached XP level 2. HP: 16/19 MP: 1/5
   653 | D:1      | Found a faded altar of an unknown god.
  1512 | D:2      | Found Aggyf's Antique Armour Boutique.
  1520 | D:2      | Reached XP level 3. HP: 24/24 MP: 5/7
  1524 | D:2      | Bought an embroidered robe for 92 gold pieces
  1545 | D:2      | Learned a level 3 spell: Frozen Ramparts
  1549 | D:2      | Learned a level 3 spell: Ozocubu's Armour
  1559 | D:2      | Identified the amulet of Tixaguuc {Spirit Harm}
  2139 | D:2      | Noticed Sigmund
  2181 | D:3      | Identified the +2 ring mail of Inar {rF+ rC+ Str-5}
  2193 | D:3      | Gained mutation: You are mostly covered in sharp spines.
                  | [demonic ancestry]
  2193 | D:3      | Reached XP level 4. HP: 30/30 MP: 6/8
  3223 | D:4      | Found a staircase to the Ecumenical Temple.
  3231 | D:4      | Noticed a phantom
  3238 | D:4      | Killed a phantom
  3239 | D:4      | Reached skill level 1 in Fighting
  3239 | D:4      | Reached XP level 5. HP: 38/38 MP: 7/10
  3266 | Temple   | Entered the Ecumenical Temple
  3366 | Temple   | Became a worshipper of Gozag Ym Sagoz the Greedy
  3618 | D:4      | Reached skill level 5 in Ice Magic
  4018 | D:4      | Gained mutation: You have a pair of small horns on your
                  | head. [demonic ancestry]
  4018 | D:4      | Reached XP level 6. HP: 45/45 MP: 2/12
  4425 | D:5      | Entered Level 5 of the Dungeon
  4638 | D:5      | Reached XP level 7. HP: 42/52 MP: 4/13
  5178 | D:5      | Reached skill level 5 in Spellcasting
  5385 | D:5      | Found a basalt altar of Yredelemnul.
  5385 | D:5      | Found a stormy altar of Qazlal.
  5906 | D:5      | Identified the +1 leather armour of Patterns {Harm Will-
                  | Dex+6 SInv}
  6388 | D:6      | Gained mutation: You may rarely emit foul miasma when
                  | damaged in melee. [demonic ancestry]
  6388 | D:6      | Reached XP level 8. HP: 59/61 MP: 12/16
  6520 | D:6      | Learned a level 1 spell: Magic Dart
  6613 | D:6      | Found a broken altar of Ashenzari.
  7542 | D:7      | Reached skill level 5 in Fighting
  7550 | D:7      | Reached skill level 1 in Short Blades
  7550 | D:7      | Reached skill level 1 in Conjurations
  7621 | D:7      | Reached skill level 1 in Shields
  8048 | D:7      | Identified the +3 quarterstaff of the Howling Oracle
                  | {antimagic, Fly rPois rF+ Str-5}
  8919 | D:7      | Reached XP level 9. HP: 54/68 MP: 7/18
  9296 | D:7      | Found a runed translucent door.
  9297 | D:7      | Noticed Crazy Yiuf
  9305 | D:7      | Killed Crazy Yiuf
  9461 | D:8      | Noticed Pikel
  9561 | D:8      | Killed Pikel
  9785 | D:8      | Identified the +5 ring mail "Ocolioj" {rC- Str+8}
  9940 | D:8      | Found a sacrificial altar of Ru.
 10235 | D:8      | Got the Discourse on Ghastly Enchantment
 10240 | D:8      | Found a burning altar of Makhleb.
 10525 | D:8      | Noticed an orange demon
 10859 | D:8      | Found an ancient bone altar of Kikubaaqudgha.
 10871 | D:8      | Found a bloodstained altar of Trog.
 10985 | D:9      | Reached XP level 10. HP: 57/77 MP: 12/20
 11548 | D:9      | Found a flagged portal.
 11566 | Bailey   | Entered a bailey
 11863 | D:9      | Noticed a two-headed ogre
 11874 | D:9      | Killed a two-headed ogre
 11877 | D:9      | Noticed a manticore
 12145 | D:9      | Found a staircase to the Lair.
 12495 | D:9      | Killed a manticore
 12852 | D:9      | Found a runed translucent door.
 12890 | D:9      | Found a runed translucent gate.
 12890 | D:9      | Found a runed translucent gate.
 12890 | D:9      | Found a runed translucent gate.
 12890 | D:9      | Found a runed translucent gate.
 12890 | D:9      | Noticed a boulder beetle
 12890 | D:9      | Noticed a lindwurm
 12935 | D:9      | Found a runed translucent gate.
 12935 | D:9      | Noticed a boulder beetle
 12937 | D:9      | Found a runed translucent gate.
 12992 | D:10     | Entered Level 10 of the Dungeon
 13020 | Lair:1   | Entered Level 1 of the Lair of Beasts
 13027 | Lair:1   | Noticed a black mamba
 13037 | Lair:1   | Killed a black mamba
 13287 | Lair:1   | Bought a scroll of identify for 30 gold pieces
 13287 | Lair:1   | Bought a scroll of identify for 30 gold pieces
 13287 | Lair:1   | Bought a scroll of blinking for 112 gold pieces
 13609 | Lair:1   | Noticed a torpor snail
 13627 | Lair:1   | Killed a torpor snail
 13628 | Lair:1   | Reached XP level 11. HP: 69/87 MP: 14/23
 15188 | Lair:1   | Learned a level 2 spell: Blink
 15238 | Lair:1   | Found a snail-covered altar of Cheibriados.
 15663 | Lair:2   | Reached skill level 1 in Translocations
 16510 | Lair:2   | Identified the +9 sling "Luomn" {speed, +Blink}
 16917 | Lair:2   | Found a hole to the Spider Nest.
 16977 | Lair:2   | Reached skill level 1 in Ranged Weapons
 16977 | Lair:2   | Reached skill level 10 in Ice Magic
 17129 | Lair:2   | Noticed a five-headed hydra
 17182 | Lair:2   | Found a staircase to the Swamp.
 17201 | Lair:2   | Killed a five-headed hydra
 17512 | Lair:2   | Reached XP level 12. HP: 56/97 MP: 21/25
 17536 | Lair:2   | Reached skill level 10 in Fighting
 18312 | Lair:3   | Bought a potion of brilliance for 60 gold pieces
 18312 | Lair:3   | Bought a scroll of identify for 30 gold pieces
 18312 | Lair:3   | Bought a scroll of summoning for 142 gold pieces
 18748 | Lair:3   | Identified 2 scrolls of acquirement
 18950 | Lair:3   | Acquired the +2 pair of gloves of Melancholy {rElec}
 19169 | Lair:3   | Acquired the +3 crown of Dyrovepreva {rElec Int+2 SInv}
 19169 | Lair:3   | Found the +3 crown of Dyrovepreva {rElec Int+2 SInv}
 19241 | Lair:3   | Reached skill level 10 in Spellcasting
 19811 | Lair:3   | Noticed an eight-headed hydra
 19824 | Lair:3   | Killed an eight-headed hydra
 21312 | Lair:4   | Reached skill level 5 in Ranged Weapons
 21850 | Lair:4   | Noticed a five-headed hydra
 21863 | Lair:4   | Killed a five-headed hydra
 21864 | Lair:4   | Gained mutation: You are partially covered in razor-sharp
                  | scales. (AC +1, Slay +1) [demonic ancestry]
 21864 | Lair:4   | Reached XP level 13. HP: 106/106 MP: 21/27
 22633 | Lair:5   | Entered Level 5 of the Lair of Beasts
 24003 | Lair:5   | Reached skill level 5 in Dodging
 24152 | Lair:5   | Reached skill level 5 in Shields
 25588 | Lair:5   | Found a viscous altar of Jiyva.
 25588 | Lair:5   | Found a staircase to the Slime Pits.
 25873 | Lair:5   | Reached skill level 5 in Conjurations
 25890 | Lair:5   | Learned a level 3 spell: Swiftness
 25890 | Lair:5   | Reached skill level 5 in Air Magic
 25890 | Lair:5   | Gained mutation: You are completely covered in sharp
                  | spines. [demonic ancestry]
 25890 | Lair:5   | Reached XP level 14. HP: 107/115 MP: 27/29
 27044 | D:10     | Found Loclirao's Antique Weapon Shoppe.
 27802 | D:10     | Learned a level 4 spell: Airstrike
 28334 | D:11     | Noticed Gastronok
 28386 | D:11     | Killed Gastronok
 28387 | D:11     | Gained mutation: You have a pair of horns on your head.
                  | [demonic ancestry]
 28387 | D:11     | Reached XP level 15. HP: 89/121 MP: 24/30
 28916 | D:11     | Noticed Harold
 28938 | D:11     | Killed Harold
 29634 | D:12     | Noticed Frances
 29704 | D:12     | Gained mutation: You occasionally lose the ability to read
                  | scrolls when taking damage. [a neqoxec]
 29710 | D:12     | Killed Frances
 30153 | D:12     | Found a runed translucent door.
 30796 | D:12     | Found a staircase to the Orcish Mines.
 31445 | D:12     | Noticed a sphinx
 31642 | Orc:1    | Entered Level 1 of the Orcish Mines
 31976 | Orc:1    | Noticed Josephine
 32002 | Orc:1    | Killed Josephine
 32807 | Orc:1    | Noticed Erolcha
 32818 | Orc:1    | Killed Erolcha
 32997 | Orc:2    | Entered Level 2 of the Orcish Mines
 33037 | Orc:2    | Found a staircase to the Elven Halls.
 33702 | Orc:2    | Found Tinuajod's Jewellery Shoppe.
 34068 | Orc:2    | Found Hitot's General Store.
 34275 | Orc:2    | Bought a scroll of amnesia for 52 gold pieces
 34284 | Orc:2    | Bought an amulet of reflection for 390 gold pieces
 34598 | Orc:2    | Found Xizuzasa's Jewellery Shop.
 34598 | Orc:2    | Found Dureik's Jewellery Shoppe.
 35734 | Orc:1    | Bought a book of Ice for 506 gold pieces
 35734 | Orc:1    | Bought an Everburning Encyclopedia for 198 gold pieces
 35739 | Orc:1    | Learned a level 4 spell: Sticky Flame
 35745 | Orc:1    | Learned a level 5 spell: Freezing Cloud
 36074 | D:13     | Reached skill level 1 in Fire Magic
 37169 | D:13     | Found a gate to the Vaults.
 37399 | Swamp:1  | Entered Level 1 of the Swamp
 37406 | Swamp:1  | Reached skill level 2 in Fire Magic
 37418 | Swamp:1  | Identified the +4 hand axe of Breach {vorpal, rF+}
 38123 | Swamp:1  | Noticed Louise
 38124 | Abyss:3  | Cast into level 3 of the Abyss (Louise)
 38128 | Abyss:3  | Found a corrupted altar of Lugonu.
 38153 | Swamp:1  | Escaped the Abyss
 38656 | D:9      | Bought the ring "Qemeuf" {rF+ rN+ Will+} for 554 gold
                  | pieces
 39428 | Lair:2   | Gained mutation: You are robust. (+10% HP) [demonic
                  | ancestry]
 39428 | Lair:2   | Reached XP level 16. HP: 125/145 MP: 24/31
 39460 | D:9      | Lost mutation: You occasionally lose the ability to read
                  | scrolls when taking damage. [potion of mutation]
 39460 | D:9      | Gained mutation: You are clumsy. (Dex -2) [potion of
                  | mutation]
 39460 | D:9      | Gained mutation: Your spells are a little harder to cast,
                  | but a little more powerful. [potion of mutation]
 40115 | Swamp:1  | Killed Louise
 41106 | Swamp:2  | Reached skill level 3 in Fire Magic
 44109 | Swamp:3  | Noticed a thorn hunter
 44768 | Swamp:3  | Reached skill level 4 in Fire Magic
 45791 | Swamp:3  | Noticed Nikola
 45843 | Swamp:3  | Killed a thorn hunter
 46779 | Swamp:3  | Killed Nikola
 47224 | Swamp:3  | Identified the +1 helmet "Lontes" {Int+4 Stlth+}
 47357 | Swamp:3  | Reached skill level 10 in Conjurations
 47457 | Swamp:4  | Entered Level 4 of the Swamp
 47899 | Swamp:3  | Reached skill level 5 in Fire Magic
 50008 | Orc:2    | Bought the ring "Had Titu" {rF+ MP+9 Slay+3 SInv Stlth+}
                  | for 987 gold pieces
 50232 | Swamp:1  | Learned a level 3 spell: Mephitic Cloud
 50236 | Swamp:1  | Learned a level 3 spell: Ignite Poison
 50281 | Swamp:3  | Reached XP level 17. HP: 114/154 MP: 24/33
 51242 | Swamp:4  | Reached skill level 1 in Poison Magic
 51621 | Swamp:4  | Reached skill level 1 in Transmutations
 53354 | Swamp:4  | Reached skill level 15 in Fighting
 53602 | Swamp:4  | Got a decaying rune of Zot
 54143 | Elf:1    | Entered Level 1 of the Elven Halls
 54937 | Elf:1    | Reached skill level 6 in Fire Magic
 57704 | Elf:1    | Paralysed by an air elemental for 1 turns
 58262 | Elf:1    | Paralysed by an air elemental for 1 turns
 58991 | Elf:1    | Found Cunom's Magic Scroll Shop.
 58999 | Elf:1    | Bought a scroll of acquirement for 572 gold pieces
 58999 | Elf:1    | Acquired 778 gold pieces
 60531 | Elf:1    | Glimpsed the power of Zot.
 60695 | Elf:2    | Upgraded the game from 0.30-a0-137-gd8773701ce to
                  | 0.30-a0-140-gd1020e658a
 60944 | Spider:1 | Entered Level 1 of the Spider Nest
 62325 | Spider:1 | Bought a potion of cancellation for 136 gold pieces
 62733 | Spider:2 | You fall into a shaft and drop 1 floor!
 63068 | Spider:2 | Reached XP level 18. HP: 140/161 MP: 21/35
 64996 | Spider:3 | Reached skill level 15 in Ice Magic
 66190 | Spider:4 | Entered Level 4 of the Spider Nest
 70044 | Spider:4 | Reached skill level 1 in Earth Magic
 70585 | Spider:4 | Got a gossamer rune of Zot
 71058 | Vaults:1 | Entered Level 1 of the Vaults
 72161 | Vaults:1 | Gained mutation: You are mostly covered in razor-sharp
                  | scales. (AC +2, Slay +2) [demonic ancestry]
 72161 | Vaults:1 | Reached XP level 19. HP: 177/177 MP: 30/37
 72307 | Vaults:1 | Identified the +1 arbalest of Beyond {flame, Will+}
 72433 | Vaults:1 | Identified the +7 glaive "Dualin" {vorpal, rPois}
 72530 | Vaults:1 | Identified the +3 great mace of Xahonof {vamp, rPois
                  | Will+++ MP-9 Dex-2}
 72915 | Vaults:1 | Reached skill level 7 in Fire Magic
 73885 | Vaults:1 | Reached skill level 15 in Spellcasting
 76272 | Vaults:2 | Found a staircase to the Crypt.
 76547 | Vaults:2 | Reached skill level 8 in Fire Magic
 76549 | Vaults:2 | Reached skill level 5 in Earth Magic
 77803 | Vaults:2 | Noticed Bai Suzhen
 82136 | Vaults:4 | Reached skill level 9 in Fire Magic
 82275 | Vaults:4 | Gained mutation: You are very robust. (+20% HP) [demonic
                  | ancestry]
 82275 | Vaults:4 | Reached XP level 20. HP: 148/205 MP: 34/39
 83970 | Vaults:4 | Reached skill level 10 in Fire Magic
 84674 | Vaults:4 | Noticed Xtahua
 84691 | Vaults:4 | Killed Xtahua
 84905 | Vaults:4 | Found Hoet's Antique Armour Emporium.
 86701 | D:14     | Bought a book of Transfigurations for 560 gold pieces
 86701 | D:14     | Bought Ehogyivo's Parchment of the Elliptic Storm for 252
                  | gold pieces
 87132 | D:13     | Learned a level 5 spell: Irradiate
 87137 | D:13     | Learned a level 4 spell: Iskenderun's Mystic Blast
 87960 | Elf:2    | Found Ydwicougg's Self-Improvement Boutique.
 88085 | Elf:2    | Reached skill level 11 in Fire Magic
 88162 | Elf:2    | Found a runed translucent gate.
 88162 | Elf:2    | Found a runed translucent gate.
 88165 | Elf:2    | Found a runed translucent gate.
 88201 | Elf:3    | Entered Level 3 of the Elven Halls
 88478 | Elf:3    | Found a runed translucent door.
 88879 | Elf:3    | Learned a level 6 spell: Starburst
 89997 | Elf:3    | Reached skill level 5 in Transmutations
 91088 | Elf:3    | Gained mutation: You have a pair of large horns on your
                  | head. [demonic ancestry]
 91088 | Elf:3    | Reached XP level 21. HP: 207/218 MP: 32/40
 91159 | Elf:3    | Identified the +7 great mace of Zirch {vorpal, rF+ Dex+2}
 92033 | Elf:3    | Identified the ring "Oseodwao" {rF- rC+ rN+ Will+}
 92303 | Elf:3    | Reached skill level 12 in Fire Magic
 93075 | Elf:3    | Identified the +1 falchion of Sunlight {venom, Str+5 Int+4}
 93219 | Elf:3    | Identified the +0 cloak "Rorphuafu" {Harm rF+ rC++ Str-2}
 93248 | Elf:3    | Identified the +1 sling of the Firefly {flame, rN+}
 93869 | Elf:2    | Noticed Jorgrun
 93877 | Elf:2    | Killed Jorgrun
 94916 | Elf:1    | Got the Parchment of Earth
 95773 | D:14     | Identified Roxanne's Compendium of Shapes
 95773 | D:14     | Noticed Roxanne
 96193 | D:14     | Identified the +4 chain mail "Amotaw" {rElec Int+4}
 97028 | D:15     | Entered Level 15 of the Dungeon
 97280 | D:15     | Noticed Agnes
 97285 | D:15     | Killed Agnes
 97967 | D:15     | Noticed Kirke
 97980 | D:15     | Killed Kirke
 98529 | D:15     | Found a staircase to the Depths.
 99182 | D:15     | Bought a scroll of acquirement for 1716 gold pieces
 99182 | D:15     | Acquired 934 gold pieces
 99434 | Slime:1  | Entered Level 1 of the Pits of Slime
100471 | Slime:2  | You fall into a shaft and drop 1 floor!
100474 | Slime:3  | Gained mutation: You are very clumsy. (Dex -4) [a shining
                  | eye]
100570 | Slime:3  | Gained mutation: You have large cloven feet. [a shining
                  | eye]
101512 | Slime:2  | Reached skill level 13 in Fire Magic
103422 | Slime:4  | Noticed Dissolution
103448 | Slime:5  | Entered Level 5 of the Pits of Slime
103472 | Slime:4  | Learned a level 3 spell: Inner Flame
103894 | Slime:5  | Gained mutation: You sometimes lose your temper in combat.
                  | [a shining eye]
103977 | Lair:5   | Lost mutation: You have large cloven feet. [potion of
                  | mutation]
103977 | Lair:5   | Lost mutation: You sometimes lose your temper in combat.
                  | [potion of mutation]
103977 | Lair:5   | Gained mutation: You are weak. (Str -2) [potion of
                  | mutation]
104070 | Slime:5  | Gained mutation: You are completely covered in razor-sharp
                  | scales. (AC +3, Slay +3) [demonic ancestry]
104070 | Slime:5  | Reached XP level 22. HP: 213/230 MP: 28/42
104654 | Slime:5  | Noticed the Royal Jelly
104692 | Slime:5  | Killed the Royal Jelly
106536 | Slime:5  | Got the Incunable of the Toxic Mausoleum
106578 | Slime:5  | Identified the +2 bardiche of the Brewing Gods {vamp, Int+4
                  | Dex+3}
106603 | Slime:5  | Got a slimy rune of Zot
106746 | Slime:5  | Identified the +8 flail of Ambiguity {vorpal, *Slow Str+10}
106756 | Slime:5  | Identified the +3 glaive of Midwinter {antimagic, Str+3
                  | Stlth+}
107431 | Depths:1 | Entered Level 1 of the Depths
107432 | Depths:1 | Upgraded the game from 0.30-a0-140-gd1020e658a to
                  | 0.30-a0-141-g30f27751c5
107475 | Depths:1 | Reached skill level 1 in Necromancy
108919 | Depths:1 | Found a one-way gateway to a ziggurat.
108958 | Depths:1 | Found a gateway to Hell.
109610 | Depths:1 | Reached skill level 5 in Necromancy
110500 | Depths:1 | Reached skill level 15 in Conjurations
110731 | Depths:1 | Learned a level 5 spell: Borgnjor's Vile Clutch
111190 | Depths:2 | Found a portal to a secret trove of treasure.
112821 | Depths:2 | Found the +9 sword of Zonguldrok {reap}
113939 | Depths:2 | Found a one-way gate leading to the halls of Pandemonium.
114210 | Depths:2 | Gained mutation: You occasionally lose the ability to drink
                  | potions when taking damage. [mutagenic glow]
114761 | Depths:2 | Found a one-way gate to the infinite horrors of the Abyss.
115498 | Depths:2 | Identified the +8 quarterstaff "Icki" {freeze, Str+2}
115750 | Depths:2 | Reached XP level 23. HP: 218/237 MP: 26/43
115951 | Depths:2 | Learned a level 7 spell: Orb of Destruction
116211 | Depths:2 | Noticed a royal mummy
116238 | Depths:2 | Killed a royal mummy
116351 | Depths:2 | Noticed a royal mummy
116374 | Depths:2 | Killed a royal mummy
116713 | Depths:2 | Noticed a royal mummy
116713 | Depths:2 | Found the +7 sceptre of Torment {pain, torment}
117226 | Depths:2 | Found a sacrificial altar of Ru.
117349 | Depths:2 | Acquired 622 gold pieces
117874 | Vaults:4 | Reached skill level 5 in Poison Magic
118131 | Vaults:4 | Learned a level 4 spell: Olgreb's Toxic Radiance
118362 | Vaults:5 | Entered Level 5 of the Vaults
118371 | Vaults:5 | Reached skill level 14 in Fire Magic
118383 | Vaults:5 | Noticed an ancient lich
118394 | Vaults:5 | Reached skill level 15 in Fire Magic
118400 | Vaults:5 | Killed an ancient lich
118697 | Vaults:5 | Noticed a dread lich
119087 | Vaults:1 | Lost mutation: Your spells are a little harder to cast, but
                  | a little more powerful. [potion of mutation]
119087 | Vaults:1 | Lost mutation: You are very clumsy. (Dex -4) [potion of
                  | mutation]
119087 | Vaults:1 | Lost mutation: You are clumsy. (Dex -2) [potion of
                  | mutation]
119087 | Vaults:1 | Gained mutation: Your system is resistant to poisons.
                  | (rPois) [potion of mutation]
119087 | Vaults:1 | Gained mutation: You are very weak. (Str -4) [potion of
                  | mutation]
119087 | Vaults:1 | Lost mutation: You are very weak. (Str -4) [potion of
                  | mutation]
119088 | Vaults:1 | Lost mutation: You occasionally lose the ability to drink
                  | potions when taking damage. [potion of mutation]
119088 | Vaults:1 | Lost mutation: Your system is resistant to poisons. (rPois)
                  | [potion of mutation]
119088 | Vaults:1 | Lost mutation: You are weak. (Str -2) [potion of mutation]
119088 | Vaults:1 | Gained mutation: Your spells are a little harder to cast,
                  | but a little more powerful. [potion of mutation]
119235 | Vaults:2 | Killed Bai Suzhen
120142 | Vaults:2 | Reached skill level 16 in Fire Magic
120484 | Vaults:2 | Identified the +0 helmet "Pyobev" {rC+ Int+5 Stlth-}
120491 | Vaults:2 | Identified the amulet "Porujico" {Reflect -Tele Harm rCorr
                  | Slay+3 SH+5}
120708 | Vaults:4 | Learned a level 3 spell: Ignite Poison
120915 | Vaults:5 | Killed a dread lich
120929 | Vaults:5 | Noticed a dread lich
121253 | Vaults:4 | Killed a dread lich
121676 | Vaults:5 | Reached skill level 17 in Fire Magic
123929 | Vaults:5 | Gained mutation: You sometimes emit foul miasma when
                  | damaged in melee. [demonic ancestry]
123929 | Vaults:5 | Reached XP level 24. HP: 232/247 MP: 11/43
124635 | Vaults:5 | Identified the +5 flail "Pukk" {venom, Will++}
124637 | Vaults:5 | Reached skill level 18 in Fire Magic
128112 | Vaults:5 | Noticed an ancient lich
128119 | Vaults:5 | Killed an ancient lich
128323 | Vaults:5 | Identified the +1 arbalest "Betast" {venom, rN+}
128530 | Vaults:5 | Reached skill level 19 in Fire Magic
129210 | Vaults:5 | Identified the +3 glaive "Giant's Funeral" {flame, rPois
                  | Will+}
130532 | Vaults:5 | Got a silver rune of Zot
130907 | Vaults:5 | Found Umoxtad's Magic Scroll Emporium.
131700 | Vaults:5 | Bought a scroll of acquirement for 988 gold pieces
131700 | Vaults:5 | Acquired 999 gold pieces
131705 | Vaults:5 | Bought a bloodstained cloak for 313 gold pieces
131705 | Vaults:5 | Identified the +2 cloak "Sukiereg" {rC++ SInv} (You bought
                  | it in a shop on level 5 of the Vaults)
131864 | Vaults:2 | Glimpsed the power of Zot.
132158 | Spider:4 | Bought a book of Fire for 836 gold pieces
132427 | D:14     | Killed Roxanne
134137 | Depths:3 | Noticed Mara
134148 | Depths:3 | Noticed juncz's illusion
134148 | Depths:3 | Killed Mara
134682 | Depths:3 | Reached skill level 20 in Fire Magic
134720 | Depths:3 | You fall into a shaft and drop 1 floor!
134720 | Depths:4 | Entered Level 4 of the Depths
135834 | Depths:3 | Found the amulet of the Four Winds {rN+ Will+++ Clar}
136642 | Depths:3 | Identified the amulet of Rumaghuk {Reflect Dex+3 SH+5}
136956 | Depths:3 | Identified the amulet "Loggomaf" {Faith rN+}
137290 | Depths:3 | Noticed a juggernaut
137304 | Depths:3 | Killed a juggernaut
138034 | Depths:3 | Got the Reference Book on the Dislocated Birds
138039 | Depths:3 | Identified the -2 cloak "Gauforeg" {Will+ Str+4}
139977 | Depths:4 | Reached skill level 21 in Fire Magic
142797 | Depths:4 | Gained mutation: You frequently emit foul miasma when
                  | damaged in melee. [demonic ancestry]
142797 | Depths:4 | Reached XP level 25. HP: 254/254 MP: 21/43
143122 | Depths:4 | Found a gate to the Realm of Zot.
143168 | Depths:4 | Reached skill level 1 in Evocations
144995 | Depths:4 | Got the Volume of the Blizzard
145571 | Depths:4 | Glimpsed the power of Zot.
145618 | Zot:1    | Entered Level 1 of the Realm of Zot
145619 | Zot:1    | Upgraded the game from 0.30-a0-141-g30f27751c5 to
                  | 0.30-a0-149-g7f746667c4
145619 | Zot:1    | Upgraded the game from 0.30-a0-149-g7f746667c4 to
                  | 0.30-a0-168-g0b976cbdc4
146082 | Zot:2    | Noticed a Killer Klown
146082 | Zot:2    | Noticed a Killer Klown
146082 | Zot:2    | Noticed a Killer Klown
148259 | Zot:2    | HP: 2/254 [death cob (17)]
148259 | Zot:2    | Gained mutation: You sometimes lose your temper in combat.
                  | [mutagenic glow]
148261 | Zot:1    | Mangled by a death cob

Illustrated notes

Levels and vault maps discovered:
D:1:      ncdulo_smallfort, layout_loops_corners,
          hellmonk_ecumenical_altar_lost_god
D:2:      layout_rooms, serial_shops, shop, uniq_sigmund
D:3:      layout_loops_ring
D:4:      layout_loops_ring, minmay_temple_entry_sparse_star
D:5:      layout_loops_corners, gammafunk_temple_overflow_elements,
          serial_glass, glass_columns_b, glass_columns_c, glass_columns_b
D:6:      layout_gridville, evilmike_ruin_ashenzari,
          chequers_serial_rivers_micro_e
D:7:      layout_cave_pools, uniq_crazy_yiuf_cottage
D:8:      layout_cave_pools, bloody_makhleb, mainiacjoe_overflow_catwalk,
          amethyst_overflow_temple_binary, minmay_misc_feat_tiny, minivault_14,
          kennysheep_big_empty_room, minmay_misc_feat_ornament,
          minmay_misc_feat_chi, uniq_amaemon, uniq_pikel
D:9:      gammafunk_indiana_jones, layout_loops_ring, david_lair_shrubbed,
          enter_bailey_3
D:10:     layout_small_grid, mainiacjoe_overflow_six_doors_small, serial_shops,
          nicolae_shop_advertising_works [nicolae_subvault_shop_adworks]
D:11:     layout_rooms, uniq_harold, uniq_gastronok
D:12:     layout_basic, erik_orc_1, serial_curves, eino_curves_04,
          eino_curves_04, eino_curves_03, wad_hexagon, uniq_frances
D:13:     layout_loops_ring, hangedman_vaults_entry_quadrant_bands
D:14:     dreamdust_under_siege, layout_basic, serial_park_gazebo
          [serial_park_minivault_5x5_6], uniq_roxanne
D:15:     grunt_enter_depths_magical_seal, layout_loops_ring,
          portal_ice_cave_entry_ugly_swarm, serial_co_window_serial,
          co_window_of_opportunity_a, co_window_of_opportunity_a,
          co_window_of_opportunity_a, co_window_corner_a, co_window_corner_a,
          co_window_paths_b, co_window_corner_a, co_window_corner_b,
          co_window_broadway_a, co_window_of_opportunity_c,
          co_window_of_opportunity_b, co_window_2corner, co_window_paths_e,
          glass_columns_b, glass_columns_a, glass_columns_a, glass_columns_c,
          uniq_agnes, uniq_kirke
Temple:   jpeg_temple_clearing
Lair:1:   layout_gridlike, kennysheep_snail_temple
Lair:2:   layout_concentric_octagons, minmay_swamp_entry_reptiles,
          spider_nest_entry_webs, dreamdust_mushroom_princess,
          beast_lair_carwin_7
Lair:3:   layout_hall_layers, grunt_megastairs_3
Lair:4:   layout_cave_pods, serial_bayou_pond_c
Lair:5:   minmay_lair_end_frog_pond, layout_long_grid, slime_entry_1,
          wad_woods_02
Swamp:1:  layout_falls_marsh, evilmike_swamp_ruin_house_3,
          infiniplex_staircase_pool_2, uniq_louise
Swamp:2:  layout_basic_swamp, nicolae_swamp_round_clearing
Swamp:3:  layout_falls_marsh, hangedman_swamp_ruin_wall, swamp_pool3,
          nicolae_swamp_bunyip_nook, uniq_nikola
Swamp:4:  swamp, layout_basic_swamp
Spider:1: layout_spider_delve
Spider:2: layout_spider_delve, nicolae_spider_eight_legs
Spider:3: layout_spider_delve
Spider:4: grunt_spider_rune_island, guppyfry_spider_mini_1
Slime:1:  layout_caves
Slime:2:  layout_caves, cheibrodos_slime_lost_civilization_5
Slime:3:  layout_caves
Slime:4:  layout_caves, uniq_dissolution
Slime:5
Orc:1:    lemuel_ogre_cave, layout_caves, uniq_josephine
Orc:2:    st_orc_town, layout_diamond_mine
Elf:1:    minmay_the_grid_3x3 [minmay_the_grid_pillar_ring,
          minmay_the_grid_minigrid_medium, minmay_the_grid_minigrid_large,
          minmay_the_grid_outer_diamond, minmay_the_grid_doors,
          minmay_the_grid_mess, minmay_the_grid_medium_cups,
          minmay_the_grid_empty, minmay_the_grid_prize_shrinking_boxes],
          layout_onion_city, serial_shops, shop
Elf:2:    elven_hall_of_blades_hangedman_original [grunt_blade_entry_basic],
          layout_loops_corners, nicolae_shop_self_help, uniq_jorgrun
Elf:3:    minmay_elf_hall_hex, layout_geoelf_castle, minivault_13
Vaults:1: infiniplex_enter_wizlab_water, hangedman_vaults_nails,
          nicolae_vaults_hallways_thing, v_misc_30,
          ontoclasm_vaults_decontamination, vaults_standard_mumra_lines,
          v_pattern_5, vaults_room_large_hall, kb_rosetta,
          nicolae_vaults_big_angled_halls, dpeg_vaults_monster_box,
          nicolae_vaults_yaktaur_gun_rack, nicolae_vaults_little_squares_4,
          layout_vaults_omnicross
Vaults:2: minmay_crypt_entry_vampire_xt, v_misc_18,
          nicolae_vaults_little_squares_2, v_alt_pattern_1,
          hangedman_vaults_pinch, vaults_room_door_hall,
          dpeg_vaults_hating_casters, vaults_room_stairs_pillars,
          layout_vaults_ring, uniq_bai_suzhen
Vaults:3: nicolae_vaults_disjoint_gnomons, vaults_room_stairs_pillars,
          nicolae_vaults_network_periphery, vaults_dpeg_hooks,
          ontoclasm_vaults_echo, vaults_room_octagon, ontoclasm_vaults_bender,
          nicolae_vaults_what_the_h, grunt_vaults_hallway_short,
          hangedman_vaults_impose, ontoclasm_vaults_tryst,
          nicolae_vaults_ring_of_whatevers, vaults_mumra_hexcomb,
          vaults_room_door_hall, layout_vaults_maze
Vaults:4: v_misc_4, hangedman_vaults_capsules, v_rooms_1, v_misc_15,
          hangedman_vaults_stagger, nicolae_vaults_sealed_display,
          vaults_dpeg_ring, grunt_vaults_funnel, layout_vaults_big_room,
          serial_shops, shop, uniq_xtahua
Vaults:5
Depths:1: layout_honeycomb, enter_ziggurat_f, hell_entry,
          minmay_misc_feat_pillars, minmay_orc_keep
Depths:2: minmay_guarded_unrand_sceptre_of_torment, layout_cave_pools,
          hangedman_abyss_entry_splay, pan_entry, enter_trove_0,
          hangedman_tar_grid_catacomb, nicolae_ru_sacrificial_ziggurat,
          chequers_serial_rivers_marsh, minmay_guarded_unrand_zonguldrok
Depths:3: kennysheep_bubble_arena, layout_basic, serial_bayou_shore_b,
          abyss_entry, hangedman_coc_ice_floe, statue_in_the_mist_lemuel,
          infiniplex_staircase_pillars_3b, uniq_josephina, uniq_mara
Depths:4: lemuel_castle_with_subvaults [lemuel_castle_interior_carwin_2],
          layout_gridville, dk_noncrumbling_3, grunt_mini_vestibule,
          serial_bayou, serial_bayou_lagoon_a, serial_bayou_crossing,
          serial_bayou_lake_a, serial_bayou_pond_a
Zot:1:    infiniplex_zot_generator, layout_cathedral_of_symmetry
Zot:2:    ebering_greatest_show_in_zot, layout_basic, nicolae_shop_clearance

Skill      XL: |  1  2  3  4  5  6  7  8  9 10 11 12 13 14 15 16 17 18 19 20 21 22 23 24 25 |
---------------+----------------------------------------------------------------------------+-----
Ice Magic      | 4 5 6 7 9 10 11 12 13 14 15 17 | 17.8
Spellcasting   | 3 4 5 6 8 9 10 11 12 13 14 15 16 | 16.7
Fighting       | 1 2 3 4 5 6 8 9 11 12 13 14 16 17 18 19 20 | 20.6
Stealth        | 2 3 |  3.0
Dodging        | 2 4 5 6 |  6.0
Short Blades   | 1 2 |  2.0
Conjurations   | 1 3 5 8 10 11 13 16 17 | 17.0
Shields        | 1 3 4 5 6 |  6.0
Translocations | 2 |  2.0
Ranged Weapons | 2 5 6 |  6.0
Air Magic      | 5 6 8 |  8.0
Fire Magic     | 2 5 6 9 11 13 17 21 | 21.6
Poison Magic   | 3 6 |  6.0
Transmutations | 3 5 6 |  6.0
Earth Magic    | 2 6 7 |  7.0
Necromancy     | 7 |  7.0
Evocations     | 4 |  4.0

Action                   |  1- 3 |  4- 6 |  7- 9 | 10-12 | 13-15 | 16-18 | 19-21 | 22-24 | 25-27 || total
-------------------------+-------+-------+-------+-------+-------+-------+-------+-------+-------++-------
Melee: Unarmed           |     4 |       |       |       |       |       |       |       |       ||     4
       Dagger            |       |       |    27 |       |       |       |       |       |       ||    27
       Headbutt          |       |       |    19 |    11 |       |       |       |       |       ||    30
       Whip              |       |       |    28 |    30 |       |       |       |       |       ||    58
       Punch             |       |       |     1 |       |       |       |       |       |       ||     1
 Fire: Sling             |       |       |       |   293 |   987 |  1272 |  1158 |   730 |   216 ||  4656
Throw: Stone             |    20 |     9 |    16 |       |       |       |       |       |       ||    45
       Dart              |       |       |     3 |     7 |     1 |       |       |       |       ||    11
       Boomerang         |       |       |       |       |       |       |     1 |       |       ||     1
 Cast: Freeze            |    53 |    26 |    54 |   100 |    47 |    81 |    65 |    25 |       ||   451
       Frozen Ramparts   |       |    28 |    54 |    77 |   125 |   129 |   128 |    39 |     5 ||   585
       Ozocubu's Armour  |       |     7 |    44 |    50 |    71 |   142 |    86 |    38 |     3 ||   441
       Magic Dart        |       |       |    25 |    24 |    17 |    26 |       |       |       ||    92
       Airstrike         |       |       |       |       |    22 |   106 |    31 |     5 |       ||   164
       Freezing Cloud    |       |       |       |       |     4 |   172 |   177 |   105 |    21 ||   479
       Blink             |       |       |       |       |     2 |     6 |     2 |     8 |     1 ||    19
       Swiftness         |       |       |       |       |     1 |    13 |     3 |     2 |     1 ||    20
       Sticky Flame      |       |       |       |       |       |    43 |    75 |     1 |       ||   119
       Mephitic Cloud    |       |       |       |       |       |    18 |    23 |     1 |       ||    42
       Ignite Poison     |       |       |       |       |       |    12 |    14 |     8 |       ||    34
       Irradiate         |       |       |       |       |       |       |    53 |    75 |    12 ||   140
       Iskenderun's Myst |       |       |       |       |       |       |    62 |    95 |    47 ||   204
       Starburst         |       |       |       |       |       |       |    24 |   117 |     9 ||   150
       Borgnjor's Vile C |       |       |       |       |       |       |       |    13 |       ||    13
       Orb of Destructio |       |       |       |       |       |       |       |   246 |    63 ||   309
       Olgreb's Toxic Ra |       |       |       |       |       |       |       |    46 |       ||    46
Invok: Call Merchant     |       |       |       |     2 |     3 |     2 |     3 |     2 |       ||    12
       Potion Petition   |       |       |       |       |       |     2 |       |     2 |     1 ||     5
Evoke: Wand              |       |     6 |       |       |     1 |     9 |       |     1 |       ||    17
       Box of beasts     |       |       |       |       |     1 |     3 |       |       |       ||     4
       Lightning rod     |       |       |       |       |       |       |     4 |       |       ||     4
  Use: Scroll            |       |     4 |     4 |    11 |    10 |    19 |     3 |    14 |     1 ||    66
       Potion            |       |       |       |       |     4 |    14 |     7 |    19 |     4 ||    48
 Stab: Distracted        |       |       |     1 |       |       |       |       |       |       ||     1
       Sleeping          |       |       |       |     1 |       |       |       |       |       ||     1
Armor: Robe              |     4 |     2 |    40 |   108 |   124 |   512 |   287 |   133 |    45 ||  1255
       Skin              |       |       |       |       |     2 |       |       |    15 |       ||    17
Dodge: Dodged            |    18 |     7 |    54 |   186 |   172 |   428 |   241 |   178 |    66 ||  1350
Block: Buckler           |       |       |       |    67 |   123 |   411 |   295 |   168 |    42 ||  1106
       Reflection        |       |       |       |       |     6 |    22 |    34 |    18 |       ||    80

Table legend: (Time is in decaauts)
 A = Elapsed time spent in this place.
 B = Non-inter-level travel time spent in this place.
 C = Inter-level travel time spent in this place.
 D = Time resting spent in this place.
 E = Time spent auto-exploring this place.
 F = Levels seen in this place.
 G = Mean time per level.
                   A        B        C        D        E       F      G
               +--------+--------+--------+--------+--------+-----+--------+
         Total | 147676 | 132371 |  15305 |  85358 |  27954 |  52 | 2839.9 |
       Dungeon |  27030 |  22998 |   4032 |   8762 |  10593 |  15 | 1802.0 |
        Temple |    118 |     96 |     22 |      0 |     82 |   1 |  118.0 |
          Lair |  15826 |  14678 |   1148 |   8898 |   4103 |   5 | 3165.2 |
         Swamp |  14246 |  13948 |    298 |  10967 |   1664 |   4 | 3561.5 |
   Spider Nest |   9961 |   9321 |    640 |   5355 |   2159 |   4 | 2490.2 |
    Slime Pits |   7016 |   6158 |    858 |   3440 |   1526 |   5 | 1403.2 |
  Orcish Mines |   6111 |   5456 |    655 |   3668 |   1219 |   2 | 3055.5 |
   Elven Halls |  12613 |  11415 |   1198 |   7846 |   1615 |   3 | 4204.3 |
        Vaults |  29033 |  25665 |   3368 |  19066 |   2826 |   5 | 5806.6 |
        Depths |  23100 |  20510 |   2590 |  15778 |   2126 |   4 | 5775.0 |
           Zot |   2574 |   2084 |    490 |   1574 |     40 |   2 | 1287.0 |
         Abyss |     28 |     28 |      0 |      0 |      0 |   1 |   28.0 |
        Bailey |     13 |     13 |      0 |      0 |      0 |   1 |   13.0 |
               +--------+--------+--------+--------+--------+-----+--------+

Top non-repeatable levels by time:
Vaults:4: 12039 daAuts
Depths:4: 7492 daAuts
 Swamp:3: 6876 daAuts
   Elf:1: 5901 daAuts
Depths:2: 5770 daAuts
   Elf:3: 5624 daAuts
Depths:3: 5481 daAuts
  Lair:5: 4836 daAuts
Spider:4: 4556 daAuts
Vaults:2: 4539 daAuts
   Orc:2: 4523 daAuts
Vaults:1: 4497 daAuts
Depths:1: 4356 daAuts
Vaults:5: 4333 daAuts
Vaults:3: 3624 daAuts
